Map: Jagannatha LE

Players

Lilbow

  • Race: Protoss Protoss

Elazer - Winner!

  • Race: Zerg Zerg

Event: DreamHack SC2 Masters 2021 Fall

VOD

Have the link to the VOD?

Description

Time

  • Played on: July 30, 2021, 1:08 p.m.
  • Length: 10:01

All games in this series

Show
View Real Time Build Order
Export as new Build Order

Lilbow Protoss 

Build Orders: 1 Gate Expand, Oracle Opening 

Get SALT Encoding   

  12  0:00  Probe  
  13  0:14  Pylon  
  13  0:17  Probe (Chrono Boost)  
  14  0:27  Probe (Chrono Boost)  
  15  0:31  Probe (Chrono Boost)  
  16  0:39  Gateway  
  16  0:43  Probe  
  16  0:49  Assimilator  
  17  0:55  Probe  
  18  1:07  Probe  
  19  1:19  Probe  
  20  1:27  Nexus  
  20  1:37  Cybernetics Core  
  20  1:40  Probe  
  20  1:47  Assimilator  
  21  1:52  Probe  
  22  1:57  Pylon  
  22  2:04  Probe (Chrono Boost)  
  23  2:15  Adept  
  25  2:16  Probe (Chrono Boost)  
  25  2:19  Stargate  
  26  2:25  Probe (Chrono Boost)  
  26  2:27  Warp Gate  
  27  2:30  Probe (Chrono Boost)  
  28  2:41  Probe (Chrono Boost)  
  28  2:42  Probe (Chrono Boost)  
  30  2:45  Adept  
  30  2:48  Probe (Chrono Boost)  
  30  2:49  Probe (Chrono Boost)  
  34  2:54  Probe  
  34  2:55  Void Ray (Chrono Boost)  
  34  2:57  Probe  
  40  3:07  Probe  
  40  3:09  Probe  
  40  3:12  Pylon  
  42  3:19  Probe  
  43  3:20  Gateway  
  43  3:22  Probe  
  44  3:30  Oracle  
  44  3:31  Probe  
  49  3:34  Probe  
  49  3:43  Probe  
  50  3:49  Probe  
  50  3:50  Nexus  
  50  3:53  Pylon  
  51  3:57  Probe  
  51  3:59  Assimilator  
  51  4:01  Assimilator, Probe (Chrono Boost)  
  54  4:11  Stargate  
  54  4:13  Probe (Chrono Boost)  
  54  4:14  Probe (Chrono Boost)  
  55  4:19  Robotics Facility  
  55  4:20  Pylon  
  55  4:23  Probe (Chrono Boost)  
  57  4:24  Probe (Chrono Boost)  
  59  4:32  Probe (Chrono Boost)  
  59  4:33  Probe (Chrono Boost)  
  59  4:37  Void Ray, Probe (Chrono Boost)  
  59  4:40  Shield Battery, Probe  
  59  4:44  Forge  
  65  4:50  Probe (Chrono Boost)  
  65  4:51  Pylon  
  65  4:52  Probe (Chrono Boost)  
  67  5:01  Void Ray  
  67  5:03  Probe (Chrono Boost)  
  67  5:04  Probe (Chrono Boost)  
  72  5:07  Probe (Chrono Boost)  
  72  5:08  Probe (Chrono Boost)  
  72  5:11  Robotics Bay  
  72  5:12  Probe  
  74  5:16  Probe  
  74  5:18  Adept  
  74  5:19  Probe  
  77  5:24  Probe  
  77  5:25  Photon Cannon  
  76  5:31  Photon Cannon  
  76  5:32  Shield Battery  
  78  5:42  Photon Cannon x2  
  76  5:44  Adept x2, Void Ray  
  76  5:45  Shield Battery  
  83  5:58  Photon Cannon  
  83  5:59  Shield Battery  
  83  6:04  Stalker  
  83  6:05  Sentry  
  87  6:17  Disruptor (Chrono Boost)  
  83  6:21  Shield Battery  
  83  6:22  Shield Battery  
  83  6:24  Photon Cannon  
  82  6:30  Void Ray (Chrono Boost)  
  81  6:34  Pylon  
  81  6:36  Pylon  
  81  6:39  Probe x2  
  67  6:51  Pylon, Disruptor (Chrono Boost)  
  67  6:52  Pylon  
  66  6:56  Zealot  
  66  7:00  Photon Cannon  
  63  7:02  Void Ray (Chrono Boost)  
  63  7:05  Void Ray (Chrono Boost)  
  70  7:17  Pylon  
  70  7:20  Gateway  
  70  7:21  Gateway  
  70  7:22  Gateway  
  70  7:28  Pylon  
  70  7:31  Pylon  
  70  7:32  Colossus (Chrono Boost)  
  70  7:35  Protoss Air Weapons Level 1  
  76  7:40  Void Ray x2  
  76  7:50  Pylon  
  84  8:04  Sentry x2  
  88  8:06  Gateway  
  88  8:10  Gateway  
  88  8:14  Gateway  
  88  8:15  Warp Prism (Chrono Boost)  
  88  8:17  Sentry  
  88  8:18  Sentry  
  94  8:21  Zealot  
  96  8:29  Pylon, Zealot  
  96  8:31  Sentry  
  100  8:37  Pylon  
  100  8:46  Stalker  
  102  8:49  Pylon  
  102  8:51  Pylon  
  102  9:05  Sentry x2  
  102  9:06  Stalker x3  
  98  9:28  Stalker x5  
  98  9:37  Stalker  
  90  9:40  Stalker  
  90  9:47  Stalker  
  72  9:53  Stalker x3  
Show
View Real Time Build Order
Export as new Build Order

Elazer Zerg - Winner!

Build Orders: Hatch First 

Get SALT Encoding   

  12  0:00  Drone  
  13  0:12  Overlord  
  13  0:16  Drone  
  14  0:30  Drone x2  
  16  0:48  Hatchery  
  15  0:51  Drone  
  15  0:55  Drone  
  17  0:58  Drone  
  18  1:09  Extractor  
  17  1:13  Spawning Pool  
  17  1:17  Drone  
  17  1:20  Drone  
  18  1:28  Drone  
  19  1:38  Drone  
  20  1:48  Overlord  
  20  2:00  Queen x2  
  20  2:01  Zergling x2, Drone  
  26  2:12  Zergling x2, Metabolic Boost, Drone  
  28  2:21  Drone  
  28  2:22  Drone  
  30  2:33  Drone x2  
  32  2:38  Queen  
  34  2:47  Zergling x2  
  34  2:48  Overlord  
  35  2:53  Hatchery  
  34  2:59  Drone  
  35  3:07  Drone x2  
  35  3:08  Drone x4  
  35  3:10  Drone  
  42  3:17  Queen  
  42  3:19  Overlord  
  44  3:27  Overlord  
  44  3:35  Overlord  
  44  3:37  Queen, Drone x2  
  48  3:47  Drone x4  
  52  3:53  Overlord  
  52  3:55  Drone x2  
  52  3:56  Drone x3  
  52  4:02  Spore Crawler  
  56  4:07  Drone x3  
  58  4:13  Queen  
  58  4:15  Drone x4  
  64  4:17  Drone  
  64  4:21  Zergling x8  
  69  4:24  Extractor  
  69  4:28  Extractor, Roach Warren  
  66  4:36  Drone x3  
  66  4:41  Overlord  
  66  4:42  Drone x2  
  66  4:44  Drone x2  
  66  4:45  Drone x3  
  73  4:53  Overlord x2  
  73  4:55  Spore Crawler  
  73  4:56  Spore Crawler  
  73  4:57  Drone x2  
  73  5:00  Overlord  
  73  5:05  Lair  
  73  5:10  Roach x4  
  83  5:14  Roach x3  
  83  5:17  Overlord  
  83  5:20  Roach x2  
  90  5:25  Roach x3  
  90  5:28  Zergling x4  
  95  5:31  Zergling x2  
  95  5:32  Zergling x4  
  95  5:33  Zergling x2  
  99  5:36  Ravager x2  
  99  5:39  Zergling x2  
  102  5:43  Zergling x10  
  102  5:48  Ravager  
  102  5:49  Ravager  
  108  5:51  Zergling x10  
  108  5:52  Zergling x2  
  113  6:02  Zergling x2  
  114  6:08  Zergling x2  
  114  6:09  Zergling x6  
  112  6:16  Zergling x10  
  113  6:19  Queen  
  113  6:21  Zergling x2  
  113  6:22  Zergling x4  
  113  6:23  Ravager  
  113  6:29  Queen  
  113  6:30  Queen  
  109  6:33  Overlord  
  109  6:34  Zergling x6  
  109  6:39  Zergling x4  
  111  6:41  Hatchery  
  109  6:47  Overlord  
  109  6:48  Drone  
  104  6:55  Queen, Extractor  
  104  6:56  Extractor  
  104  6:57  Drone x3  
  107  7:02  Drone x2  
  107  7:08  Drone  
  107  7:12  Drone  
  107  7:13  Infestation Pit  
  107  7:15  Drone  
  108  7:20  Drone  
  109  7:24  Drone x2  
  109  7:27  Extractor  
  109  7:29  Drone  
  110  7:32  Drone x3  
  110  7:33  Drone  
  113  7:38  Queen x2  
  113  7:39  Overlord  
  113  7:41  Hatchery  
  113  7:43  Drone  
  119  7:45  Drone x6  
  119  7:50  Hive  
  119  7:51  Overlord  
  123  7:54  Drone x2, Spire  
  123  7:56  Drone  
  125  8:01  Queen  
  125  8:03  Overlord  
  125  8:04  Drone x2  
  129  8:10  Drone x2  
  131  8:14  Spore Crawler  
  131  8:17  Spore Crawler  
  127  8:21  Queen x2  
  127  8:23  Overlord  
  127  8:25  Drone x9  
  140  8:28  Spore Crawler  
  140  8:29  Overlord  
  140  8:30  Drone  
  140  8:31  Baneling Nest  
  139  8:37  Zergling x6  
  139  8:41  Roach x4  
  149  8:51  Roach x9  
  167  8:56  Extractor  
  167  8:57  Overlord  
  167  9:02  Viper x2  
  172  9:12  Overlord x2  
  172  9:13  Queen  
  172  9:14  Extractor  
  172  9:16  Ravager x6  
  176  9:26  Roach x2  
  177  9:33  Zergling x30  

Tags
 
Add a new tag
Caveats
  • Supply blocks, unpowered buildings, or Contaminate may cause inaccurate times.
  • Supply counts are checked every 10 seconds.